BSA
NEW YORK KNIGHTS @ LOS CABOS CARTEL
06/19/2026
 
TOP OF THE 1ST
New York Knights batting - Pitching for Los Cabos Cartel : RHP Ramón López
Pitching: RHP Ramón López
Batting: LHB Warren Potter 0-0: Called Strike
0-1: Foul Ball, location: 2F
0-2: Ball
1-2: Ball
2-2: Strikes out looking
Batting: RHB Pepe Carrasco 0-0: Foul Ball, location: 2F
0-1: Foul Ball, location: 2F
0-2: Strikes out swinging
Batting: LHB Troy Donaldson 0-0: Ball
1-0: Called Strike
1-1: Ball
2-1: Foul Ball, location: 2F
2-2: Ground out 4-3 (Groundball, 4)
Top of the 1st over - 0 run(s), 0 hit(s), 0 error(s), 0 left on base; New York 0 - Los Cabos 0
BOTTOM OF THE 1ST
Los Cabos Cartel batting - Pitching for New York Knights : RHP José Navarro
Pitching: RHP José Navarro
Batting: LHB Willie Wallace 0-0: Called Strike
0-1: SINGLE (Flyball, 7LS)
Batting: SHB Julián Madrid 0-0: Called Strike
0-1: Called Strike
0-2: Ball
1-2: Foul Ball, location: 2F
1-2: Ball
2-2: Ball
3-2: 2-RUN HOME RUN (Flyball, 89XD), Distance : 390 ft
Batting: RHB Stephen Wilson 0-0: Called Strike
0-1: Ball
1-1: DOUBLE (Flyball, 8RXD)
Batting: RHB António Magana 0-0: Ball
1-0: Swinging Strike
1-1: Called Strike
1-2: 2-RUN HOME RUN (Line Drive, 78XD), Distance : 423 ft
Batting: SHB Rob Grun 0-0: Ground out 4-3 (Groundball, 4M)
Batting: RHB Ángel Garza 0-0: Called Strike
0-1: Swinging Strike
0-2: Foul Ball, location: 2F
0-2: Ball
1-2: Foul Ball, location: 2F
1-2: Ball
2-2: Ball
3-2: Base on Balls
Batting: RHB Wilbert Rodgers 0-0: Ball
Ángel Garza steals 2nd base
1-0: Fly out, F6 (Line Drive, 6)
Batting: RHB Oliver Hernández 0-0: Ball
1-0: Foul Ball, location: 2F
1-1: SINGLE (Line Drive, 7LS)
Ángel Garza to third
Runner from 3rd tries for Home, SAFE, no throw or cutoff
Batting: LHB Manny Quiñones 0-0: Ball
1-0: Called Strike
1-1: Ball
2-1: Ball
3-1: Swinging Strike
3-2: Strikes out swinging
Bottom of the 1st over - 5 run(s), 5 hit(s), 0 error(s), 1 left on base; New York 0 - Los Cabos 5
TOP OF THE 2ND
New York Knights batting - Pitching for Los Cabos Cartel : RHP Ramón López
Batting: SHB Marvin Harris 0-0: SOLO HOME RUN (Line Drive, 9LD), Distance : 452 ft
Batting: RHB José Aguilera 0-0: Called Strike
0-1: Ball
1-1: Fly out, F9 (Flyball, 89D)
Batting: RHB Sixto Vélez 0-0: Ball
1-0: Called Strike
1-1: SINGLE (Groundball, 6M)
Batting: LHB Pablo Rivas 0-0: Called Strike
0-1: Fielders Choice at 2nd, 4-6 (Groundball, 34)
Batting: RHB Lonnie Anderson Pickoff Throw to First - Out!
Top of the 2nd over - 1 run(s), 2 hit(s), 0 error(s), 0 left on base; New York 1 - Los Cabos 5
BOTTOM OF THE 2ND
Los Cabos Cartel batting - Pitching for New York Knights : RHP José Navarro
Batting: LHB Willie Wallace 0-0: Ball
1-0: Called Strike
1-1: Ground out 6-3 (Groundball, 6)
Batting: SHB Julián Madrid 0-0: Called Strike
0-1: Ball
1-1: Ball
2-1: Ground out 6-3 (Groundball, 6M)
Batting: RHB Stephen Wilson 0-0: Foul Ball, location: 2F
0-1: Fly out, F8 (Flyball, 89S)
Bottom of the 2nd over - 0 run(s), 0 hit(s), 0 error(s), 0 left on base; New York 1 - Los Cabos 5
TOP OF THE 3RD
New York Knights batting - Pitching for Los Cabos Cartel : RHP Ramón López
Batting: RHB Lonnie Anderson 0-0: Ball
1-0: Ball
2-0: Ball
3-0: Called Strike
3-1: SINGLE (Line Drive, 7S)
Batting: RHB Yasuhiko Sumita 0-0: Ball
1-0: Called Strike
1-1: Ball
2-1: Swinging Strike
2-2: Strikes out looking
Batting: LHB Warren Potter 0-0: Ball
1-0: Swinging Strike
1-1: Ground out 5-3 (Groundball, 5S)
Lonnie Anderson to second
Batting: RHB Pepe Carrasco 0-0: Foul Ball, location: 2F
0-1: Ball
1-1: Swinging Strike
1-2: Ball
2-2: Strikes out looking
Top of the 3rd over - 0 run(s), 1 hit(s), 0 error(s), 1 left on base; New York 1 - Los Cabos 5
BOTTOM OF THE 3RD
Los Cabos Cartel batting - Pitching for New York Knights : RHP José Navarro
Batting: RHB António Magana 0-0: Ball
1-0: Foul Ball, location: 2F
1-1: Foul Ball, location: 2F
1-2: Foul Ball, location: 2F
1-2: Strikes out looking
Batting: SHB Rob Grun 0-0: SOLO HOME RUN (Flyball, 9D), Distance : 384 ft
Batting: RHB Ángel Garza 0-0: DOUBLE (Line Drive, 78M)
Batting: RHB Wilbert Rodgers 0-0: Called Strike
Ángel Garza steals 3rd base
0-1: Ball
1-1: Ball
2-1: Called Strike
2-2: SINGLE (Line Drive, 56)
Ángel Garza scores
Batting: RHB Oliver Hernández 0-0: Grounds into double play, U6-3 (Groundball, 6M)
Bottom of the 3rd over - 2 run(s), 3 hit(s), 0 error(s), 0 left on base; New York 1 - Los Cabos 7
TOP OF THE 4TH
New York Knights batting - Pitching for Los Cabos Cartel : RHP Ramón López
Batting: LHB Troy Donaldson 0-0: Ball
1-0: Ball
2-0: Reached on error, E4 (Groundball, 4)
Batting: SHB Marvin Harris 0-0: Ball
1-0: Ground out 5-3 (Groundball, 56S)
Troy Donaldson to third
Batting: RHB José Aguilera 0-0: Foul Ball, location: 2F
0-1: Ball
1-1: Called Strike
1-2: Ball
2-2: Ball
3-2: Ground out 5-3 (Groundball, 56)
Troy Donaldson scores
Batting: RHB Sixto Vélez 0-0: Fly out, F3 (Popup, 34)
Top of the 4th over - 1 run(s), 0 hit(s), 1 error(s), 0 left on base; New York 2 - Los Cabos 7
BOTTOM OF THE 4TH
Los Cabos Cartel batting - Pitching for New York Knights : RHP José Navarro
Pitching: RHP Felipe Rodríguez
Batting: LHB Manny Quiñones 0-0: Called Strike
0-1: Ball
1-1: Foul Ball, location: 2F
1-2: Foul Ball, location: 2F
1-2: Foul Ball, location: 2F
1-2: Ball
2-2: Strikes out looking
Batting: LHB Willie Wallace 0-0: Ball
1-0: Foul Ball, location: 2F
1-1: Foul Ball, location: 2F
1-2: Fly out, F7 (Flyball, 78M)
Batting: SHB Julián Madrid 0-0: Foul Ball, location: 2F
0-1: Swinging Strike
0-2: Foul Ball, location: 2F
0-2: Fly out, F8 (Flyball, 8LD)
Bottom of the 4th over - 0 run(s), 0 hit(s), 0 error(s), 0 left on base; New York 2 - Los Cabos 7
TOP OF THE 5TH
New York Knights batting - Pitching for Los Cabos Cartel : RHP Ramón López
Batting: LHB Pablo Rivas 0-0: Called Strike
0-1: Fly out, F9 (Flyball, 89XD)
Batting: RHB Lonnie Anderson 0-0: Ball
1-0: Ball
2-0: SOLO HOME RUN (Line Drive, 7D), Distance : 400 ft
Batting: RHB Yasuhiko Sumita 0-0: Ball
1-0: Called Strike
1-1: DOUBLE (Line Drive, 8RM)
Batting: LHB Warren Potter 0-0: Ground out U3 (Groundball, 3S)
Yasuhiko Sumita to third
Batting: RHB Pepe Carrasco 0-0: Ground out 5-3 (Groundball, 56)
Top of the 5th over - 1 run(s), 2 hit(s), 0 error(s), 1 left on base; New York 3 - Los Cabos 7
BOTTOM OF THE 5TH
Los Cabos Cartel batting - Pitching for New York Knights : RHP Felipe Rodríguez
Batting: RHB Stephen Wilson 0-0: Foul Ball, location: 2F
0-1: Foul Ball, location: 2F
0-2: Ball
1-2: Ball
2-2: Ball
3-2: Foul Ball, location: 2F
3-2: Fly out, F7 (Line Drive, 78D)
Batting: RHB António Magana 0-0: Ground out 4-3 (Groundball, 4)
Batting: SHB Rob Grun 0-0: Foul Ball, location: 2F
0-1: Ball
1-1: Called Strike
1-2: Strikes out swinging
Bottom of the 5th over - 0 run(s), 0 hit(s), 0 error(s), 0 left on base; New York 3 - Los Cabos 7
TOP OF THE 6TH
New York Knights batting - Pitching for Los Cabos Cartel : RHP Ramón López
Batting: LHB Troy Donaldson 0-0: Swinging Strike
0-1: SINGLE (Groundball, 56D)
Batting: SHB Marvin Harris 0-0: Ball
1-0: Ball
2-0: Called Strike
2-1: Foul Ball, location: 2F
2-2: Strikes out swinging
Batting: RHB José Aguilera 0-0: Called Strike
0-1: DOUBLE (Flyball, 89XD)
Troy Donaldson to third
Batting: RHB Sixto Vélez 0-0: Ball
1-0: Ball
2-0: Called Strike
2-1: Called Strike
2-2: Foul Ball, location: 2F
2-2: SINGLE (Groundball, 5D)
Troy Donaldson scores
José Aguilera to third
Runner from 3rd tries for Home, SAFE, no throw or cutoff
Batting: LHB Pablo Rivas 0-0: Swinging Strike
0-1: Ground out 5-3 (Groundball, 56S)
Sixto Vélez to second
Batting: RHB Lonnie Anderson 0-0: Swinging Strike
0-1: Hit by Pitch
Batting: RHB Yasuhiko Sumita 0-0: Ball
1-0: Ball
2-0: Foul Ball, location: 2F
2-1: Foul Ball, location: 2F
2-2: Strikes out swinging
Top of the 6th over - 2 run(s), 3 hit(s), 0 error(s), 2 left on base; New York 5 - Los Cabos 7
BOTTOM OF THE 6TH
Los Cabos Cartel batting - Pitching for New York Knights : RHP Felipe Rodríguez
Batting: RHB Ángel Garza 0-0: Swinging Strike
0-1: Foul Ball, location: 2F
0-2: Strikes out looking
Batting: RHB Wilbert Rodgers 0-0: Called Strike
0-1: Swinging Strike
0-2: Ball
1-2: Fly out, F2 (Popup, 2LF)
Pitching: LHP Leo Huggins
Batting: RHB Oliver Hernández 0-0: Ball
1-0: Called Strike
1-1: Ball
2-1: Fly out, F2 (Popup, 2RF)
Bottom of the 6th over - 0 run(s), 0 hit(s), 0 error(s), 0 left on base; New York 5 - Los Cabos 7
TOP OF THE 7TH
New York Knights batting - Pitching for Los Cabos Cartel : RHP Ramón López
Batting: LHB Warren Potter 0-0: Fly out, F7 (Flyball, 78XD)
Batting: RHB Pepe Carrasco 0-0: Ball
1-0: Foul Ball, location: 2F
1-1: Foul Ball, location: 2F
1-2: Foul Ball, location: 2F
1-2: SOLO HOME RUN (Flyball, 78XD), Distance : 402 ft
Batting: LHB Troy Donaldson 0-0: Ball
1-0: Ball
2-0: Ball
3-0: Called Strike
3-1: DOUBLE (Line Drive, 89XD)
Batting: SHB Marvin Harris 0-0: Called Strike
0-1: Swinging Strike
0-2: Ball
1-2: Ball
2-2: Foul Ball, location: 2F
Balk!
Troy Donaldson to third
2-2: DOUBLE (Line Drive, 78S)
Troy Donaldson scores
Pitching: LHP António Martínez
Batting: RHB José Aguilera 0-0: Swinging Strike
0-1: Ball
1-1: Fly out, F8 (Flyball, 89D)
Runner from 2nd tags up, SAFE at 3rd, no throw
Batting: RHB Sixto Vélez 0-0: Ball
1-0: Ball
2-0: Foul Ball, location: 2F
2-1: Called Strike
2-2: Ball
3-2: Base on Balls
Batting: LHB Pablo Rivas 0-0: Ball
1-0: Ball
2-0: Swinging Strike
2-1: Ball
3-1: Ground out 6-3 (Groundball, 6S)
Top of the 7th over - 2 run(s), 3 hit(s), 0 error(s), 2 left on base; New York 7 - Los Cabos 7
BOTTOM OF THE 7TH
Los Cabos Cartel batting - Pitching for New York Knights : LHP Leo Huggins
Pinch Hitting: RHB John Pick 0-0: Ball
1-0: Called Strike
1-1: Ball
2-1: Foul Ball, location: 2F
2-2: Fly out, F9 (Flyball, 89D)
Batting: LHB Willie Wallace 0-0: Foul Ball, location: 2F
0-1: Swinging Strike
0-2: Strikes out looking
Batting: SHB Julián Madrid 0-0: Ball
1-0: Ball
2-0: Called Strike
2-1: Ball
3-1: Base on Balls
Batting: RHB Stephen Wilson 0-0: Ball
1-0: Called Strike
1-1: Foul Ball, location: 2F
1-2: Ball
2-2: TRIPLE (Flyball, 78D)
Julián Madrid scores
Batting: RHB António Magana 0-0: DOUBLE (Flyball, 7D)
Stephen Wilson scores
Batting: SHB Rob Grun 0-0: Called Strike
0-1: DOUBLE (Line Drive, 78D)
António Magana scores
Pitching: RHP Paco Ruíz
Batting: RHB Ángel Garza 0-0: Ball
1-0: Ball
2-0: Foul Ball, location: 2F
2-1: Foul Ball, location: 2F
2-2: Strikes out swinging
Bottom of the 7th over - 3 run(s), 3 hit(s), 0 error(s), 1 left on base; New York 7 - Los Cabos 10
TOP OF THE 8TH
New York Knights batting - Pitching for Los Cabos Cartel : LHP António Martínez
Now at 1B: John Pick
Batting: RHB Lonnie Anderson 0-0: Ball
1-0: Ball
2-0: Called Strike
2-1: Ground out 5-3 (Groundball, 5S)
Batting: RHB Yasuhiko Sumita 0-0: Called Strike
0-1: Ball
1-1: Ball
2-1: Swinging Strike
2-2: Strikes out swinging
Batting: LHB Warren Potter 0-0: SINGLE (Line Drive, 4MD)
Pitching: RHP Yajirobei Endo
Batting: RHB Pepe Carrasco 0-0: Ball
1-0: Foul Ball, location: 2F
1-1: Foul Ball, location: 2F
1-2: Foul Ball, location: 2F
1-2: Strikes out swinging
Top of the 8th over - 0 run(s), 1 hit(s), 0 error(s), 1 left on base; New York 7 - Los Cabos 10
BOTTOM OF THE 8TH
Los Cabos Cartel batting - Pitching for New York Knights : RHP Paco Ruíz
Batting: RHB Wilbert Rodgers 0-0: Ball
1-0: Called Strike
1-1: DOUBLE (Line Drive, 78XD)
Batting: RHB Oliver Hernández 0-0: Called Strike
0-1: Ball
1-1: Ball
2-1: Ball
3-1: Called Strike
3-2: Foul Ball, location: 2F
3-2: Base on Balls
Batting: RHB John Pick 0-0: Fly out, F6 (Popup, 5)
Batting: LHB Willie Wallace 0-0: Grounds into double play, 4-6-3 (Groundball, 4)
Bottom of the 8th over - 0 run(s), 1 hit(s), 0 error(s), 1 left on base; New York 7 - Los Cabos 10
TOP OF THE 9TH
New York Knights batting - Pitching for Los Cabos Cartel : RHP Yajirobei Endo
Pitching: LHP Santiago González
Batting: LHB Troy Donaldson 0-0: Foul Ball, location: 2F
0-1: Called Strike
0-2: Ball
1-2: Strikes out swinging
Batting: SHB Marvin Harris 0-0: Ball
1-0: Swinging Strike
1-1: Ball
2-1: Called Strike
2-2: Strikes out swinging
Batting: RHB José Aguilera 0-0: Called Strike
0-1: Called Strike
0-2: Fly out, F4 (Popup, 4MD)
Top of the 9th over - 0 run(s), 0 hit(s), 0 error(s), 0 left on base; New York 7 - Los Cabos 10
Monday, December 5th, 2016 - OOTP Baseball 17.12 Build 75